Map: Rhoskallian LE

Players

Massa

  • Race: Terran Terran
  • League: Platinum
  • Spawn Location: 11:00

qqq

  • Race: Protoss Protoss
  • League: Platinum
  • Spawn Location: 12:00

MaLiBu - Winner!

  • Race: Protoss Protoss
  • League: Master
  • Spawn Location: 6:00

MȃrieJǿhȃƞƞȃ - Winner!

  • Race: Protoss Protoss
  • League: Master
  • Spawn Location: 5:00

VOD

Have the link to the VOD?

Description

Time

  • Played on: Jan. 6, 2021, 7:01 a.m.
  • Length: 13:26
Show
View Real Time Build Order
Export as new Build Order

Massa Terran 

Build Orders:  

Get SALT Encoding   

  12  0:00  SCV  
  13  0:12  SCV  
  14  0:24  SCV  
  14  0:28  Supply Depot  
  15  0:36  Refinery  
  15  0:49  SCV  
  16  0:51  Barracks  
  16  1:02  SCV  
  17  1:04  Refinery  
  17  1:14  SCV  
  18  1:26  SCV  
  19  1:38  SCV  
  20  1:42  Factory  
  20  1:43  Marine  
  21  1:54  Supply Depot  
  21  1:55  Orbital Command  
  21  2:03  Barracks Tech Lab  
  21  2:21  SCV  
  22  2:24  Reaper  
  23  2:34  Starport  
  23  2:40  SCV  
  24  2:52  SCV  
  24  2:55  Factory Tech Lab, Stimpack  
  24  2:56  Marine  
  27  3:12  Starport Tech Lab  
  27  3:15  Starport  
  26  3:26  Marauder  
  27  3:30  Command Center  
  27  3:35  Widow Mine  
  29  3:48  Supply Depot  
  29  4:03  Supply Depot  
  29  4:06  Starport Tech Lab  
  29  4:09  Banshee  
  32  4:20  Marauder  
  32  4:23  Siege Tank  
  34  4:41  Marauder  
  34  4:43  Banshee  
  39  4:46  Cloaking Field  
  39  4:51  SCV  
  38  5:02  Marine  
  39  5:09  Engineering Bay  
  39  5:15  Banshee  
  39  5:20  Marine  
  43  5:33  Widow Mine  
  43  5:35  SCV  
  47  5:36  Orbital Command  
  46  5:46  Marine  
  46  5:47  SCV  
  48  5:52  Barracks  
  48  5:55  Widow Mine  
  50  5:59  SCV  
  51  6:04  Marine  
  52  6:22  Marine  
  53  6:39  Marine  
  54  6:48  Marine  
  52  6:57  Marine  
  53  7:06  Marine  
  51  7:15  Marine  
  52  7:23  Marine  
  50  7:33  Marine  
  50  7:34  Refinery  
  51  7:37  Barracks  
  51  7:38  Barracks  
  51  7:41  Marine  
  51  7:43  Missile Turret  
  52  7:45  Barracks  
  52  7:46  Missile Turret  
  52  7:51  Marine  
  52  7:55  Starport Tech Lab, Starport Reactor  
  52  7:57  Siege Tank  
  56  7:59  Marine  
  56  8:03  SCV x2  
  59  8:07  Terran Infantry Weapons Level 1  
  59  8:09  Marine  
  59  8:11  Command Center  
  60  8:15  SCV x2  
  60  8:16  Missile Turret  
  60  8:19  Missile Turret  
  62  8:26  Marine  
  62  8:28  Marine  
  62  8:50  Supply Depot  
  62  8:51  Supply Depot  
  62  8:52  Supply Depot  
  62  8:53  Supply Depot  
  62  9:01  Marine  
  62  9:03  Marine  
  62  9:11  Marine x3  
  62  9:12  SCV x2, Medivac  
  62  9:14  Supply Depot  
  62  9:15  Supply Depot  
  69  9:19  Marine  
  69  9:20  Marine  
  69  9:24  SCV x2  
  73  9:29  Marine  
  76  9:36  SCV x2  
  76  9:38  Marine, Combat Shield  
  79  9:41  Barracks Tech Lab  
  79  9:42  Barracks Tech Lab  
  79  9:43  Barracks Tech Lab  
  77  9:47  Marine  
  77  9:48  SCV x2, Siege Tank  
  83  9:57  Marauder  
  82  10:05  Marine  
  83  10:07  Medivac  
  83  10:08  Medivac  
  83  10:09  Medivac  
  83  10:11  Marine  
  83  10:12  Marauder x2  
  94  10:14  Concussive Shells  
  94  10:15  SCV  
  94  10:18  Marauder  
  97  10:23  Marine  
  98  10:29  Marauder  
  98  10:33  Marauder  
  102  10:36  Siege Tank  
  105  10:52  Refinery  
  105  11:03  Planetary Fortress  
  105  11:05  SCV x2  
  105  11:08  Siege Tank  
  110  11:14  Marine x5  
  110  11:17  SCV x2  
  117  11:28  Refinery x2  
  117  11:29  SCV x2  
  124  11:32  Marauder x2  
  124  11:33  Barracks Reactor, Marauder  
  125  11:40  Supply Depot  
  125  11:41  Supply Depot x3  
  125  11:57  Armory  
  125  12:02  SCV x3, Marauder x2  
  125  12:03  Missile Turret  
  125  12:04  Supply Depot  
  125  12:06  Missile Turret  
  125  12:07  Supply Depot  
  125  12:08  Supply Depot x2  
  132  12:14  SCV x3  
  135  12:29  Ghost Academy  
  135  12:31  Siege Tank, Supply Depot  
  144  12:38  SCV x3  
  147  12:50  SCV  
  148  12:53  Viking x2  
Show
View Real Time Build Order
Export as new Build Order

qqq Protoss 

Build Orders: Phoenix Opening 

Get SALT Encoding   

  12  0:01  Probe  
  13  0:13  Probe  
  14  0:25  Probe  
  15  0:31  Pylon  
  15  0:49  Probe, Gateway  
  16  1:01  Probe  
  17  1:13  Probe  
  17  1:14  Pylon  
  18  1:32  Probe  
  19  1:41  Cybernetics Core  
  19  1:43  Pylon  
  19  1:44  Probe  
  20  1:48  Assimilator  
  20  1:52  Assimilator  
  20  1:56  Probe  
  21  2:07  Nexus  
  21  2:12  Probe  
  22  2:25  Probe (Chrono Boost)  
  23  2:34  Pylon  
  23  2:35  Probe (Chrono Boost)  
  24  2:39  Probe (Chrono Boost)  
  25  2:56  Probe (Chrono Boost)  
  25  2:57  Stargate  
  26  3:03  Stalker  
  29  3:06  Probe (Chrono Boost)  
  29  3:10  Probe (Chrono Boost)  
  30  3:22  Probe  
  31  3:28  Probe  
  31  3:33  Stalker  
  34  3:34  Probe  
  34  3:40  Probe  
  36  3:46  Probe  
  36  3:47  Phoenix  
  39  3:52  Probe  
  40  3:58  Probe  
  40  4:04  Probe  
  35  4:20  Probe  
  36  4:32  Probe  
  37  4:41  Probe  
  37  4:45  Probe  
  38  4:51  Fleet Beacon  
  38  4:52  Adept  
  40  4:53  Probe  
  40  4:54  Pylon  
  40  4:57  Probe, Phoenix  
  42  5:05  Probe, Forge  
  42  5:09  Probe  
  43  5:18  Probe  
  43  5:21  Probe  
  41  5:22  Phoenix  
  43  5:30  Probe  
  43  5:36  Robotics Facility  
  40  5:43  Assimilator  
  40  5:49  Assimilator  
  36  5:56  Photon Cannon  
  34  5:59  Photon Cannon  
  32  6:05  Photon Cannon  
  32  6:09  Probe x2  
  34  6:14  Anion Pulse-Crystals (Chrono Boost)  
  34  6:15  Phoenix  
  36  6:20  Pylon  
  36  6:21  Probe x2  
  38  6:33  Probe x2  
  38  6:37  Stargate  
  38  6:39  Pylon  
  40  6:43  Photon Cannon  
  40  6:45  Probe x2  
  42  6:57  Probe  
  42  6:58  Probe  
  42  7:00  Phoenix (Chrono Boost)  
  46  7:09  Probe  
  46  7:10  Probe  
  46  7:14  Protoss Air Weapons Level 1 (Chrono Boost)  
  48  7:20  Phoenix (Chrono Boost)  
  48  7:22  Probe, Photon Cannon, Phoenix (Chrono Boost)  
  53  7:34  Probe  
  54  7:46  Probe  
  55  7:52  Phoenix  
  55  7:56  Nexus  
  55  7:58  Probe  
  58  7:59  Pylon  
  58  8:00  Phoenix  
  58  8:02  Pylon  
  60  8:08  Observer  
  61  8:20  Photon Cannon  
  60  8:29  Observer  
  57  8:38  Tempest (Chrono Boost)  
  57  8:39  Carrier (Chrono Boost)  
  64  9:06  Protoss Air Armor Level 1 (Chrono Boost)  
  64  9:15  Pylon  
  64  9:16  Photon Cannon  
  70  9:28  Carrier (Chrono Boost)  
  67  9:31  Probe  
  67  9:34  Carrier (Chrono Boost)  
  74  9:44  Probe  
  75  10:26  Carrier  
  81  10:37  Carrier  
  81  10:38  Nexus  
  81  10:39  Pylon  
  87  10:43  Pylon  
  87  11:08  Nexus  
  87  11:14  Stargate  
  87  11:16  Stargate  
  87  11:23  Photon Cannon  
  87  11:27  Photon Cannon  
  92  11:35  Mothership (Chrono Boost)  
  100  11:41  Phoenix  
  100  11:44  Pylon  
  97  11:47  Pylon  
  97  11:52  Phoenix  
  98  12:09  Tempest  
  103  12:17  Assimilator  
  103  12:18  Probe  
  103  12:20  Assimilator  
  104  12:26  Tempest  
  109  12:30  Probe  
  110  12:38  Observer  
  110  12:42  Probe  
  112  12:46  Pylon  
  112  12:48  Pylon  
  117  12:54  Probe  
  118  12:59  Observer  
  119  13:06  Probe  
Show
View Real Time Build Order
Export as new Build Order

MaLiBu Protoss - Winner!

Build Orders: 1 Gate Expand, Phoenix Opening, Carriers, Mass Phoenix 

Get SALT Encoding   

  12  0:00  Probe  
  13  0:12  Probe  
  14  0:19  Pylon  
  14  0:24  Probe  
  15  0:37  Probe (Chrono Boost)  
  15  0:40  Gateway  
  16  0:49  Probe (Chrono Boost), Assimilator  
  17  0:54  Probe (Chrono Boost)  
  18  1:03  Probe  
  19  1:16  Probe  
  20  1:26  Nexus  
  20  1:33  Probe  
  21  1:42  Cybernetics Core  
  21  1:45  Probe  
  22  1:47  Assimilator  
  22  1:57  Pylon  
  22  1:58  Probe  
  23  2:15  Probe  
  24  2:19  Adept (Chrono Boost)  
  26  2:25  Stargate  
  26  2:27  Probe  
  27  2:38  Adept (Chrono Boost)  
  27  2:42  Probe x2  
  31  2:54  Probe x2  
  31  2:57  Stargate  
  33  3:06  Probe x2 (Chrono Boost)  
  33  3:09  Phoenix  
  33  3:12  Assimilator  
  37  3:18  Probe x2 (Chrono Boost)  
  39  3:21  Pylon  
  39  3:23  Probe x2 (Chrono Boost)  
  41  3:32  Probe  
  41  3:34  Phoenix, Assimilator  
  44  3:36  Probe  
  45  3:42  Phoenix  
  45  3:44  Probe  
  49  3:48  Probe  
  49  3:59  Phoenix (Chrono Boost)  
  49  4:12  Phoenix (Chrono Boost)  
  49  4:14  Probe  
  49  4:15  Probe  
  51  4:21  Phoenix (Chrono Boost)  
  53  4:26  Probe  
  53  4:29  Nexus  
  54  4:31  Pylon  
  54  4:49  Probe x2, Phoenix (Chrono Boost)  
  54  4:52  Phoenix (Chrono Boost), Pylon  
  58  5:01  Probe  
  58  5:04  Probe  
  60  5:11  Phoenix (Chrono Boost)  
  60  5:14  Probe  
  63  5:19  Phoenix (Chrono Boost)  
  65  5:25  Fleet Beacon  
  65  5:26  Probe x2  
  67  5:38  Probe x2  
  67  5:41  Phoenix x2  
  73  5:50  Probe  
  73  5:51  Probe x2  
  73  5:53  Assimilator  
  73  5:54  Assimilator  
  73  5:56  Pylon  
  76  6:03  Probe x3  
  79  6:06  Phoenix  
  79  6:09  Phoenix  
  83  6:14  Anion Pulse-Crystals  
  83  6:15  Probe  
  79  6:21  Robotics Facility  
  79  6:25  Probe x2  
  73  6:27  Probe  
  67  6:37  Probe x2  
  67  6:39  Probe  
  59  6:48  Oracle (Chrono Boost)  
  59  6:49  Probe x2  
  59  6:51  Probe  
  62  7:01  Probe x2  
  62  7:03  Probe  
  64  7:09  Observer (Chrono Boost)  
  64  7:13  Probe x2  
  64  7:15  Probe  
  68  7:25  Probe (Chrono Boost)  
  68  7:26  Probe (Chrono Boost)  
  68  7:27  Probe (Chrono Boost)  
  73  7:37  Probe (Chrono Boost)  
  73  7:38  Probe (Chrono Boost)  
  73  7:39  Probe (Chrono Boost)  
  73  7:42  Phoenix x2  
  78  7:45  Probe x3 (Chrono Boost)  
  81  7:51  Probe  
  81  7:52  Probe  
  81  7:54  Probe  
  84  8:04  Probe x2 (Chrono Boost)  
  86  8:06  Probe (Chrono Boost)  
  86  8:07  Phoenix x2  
  91  8:16  Probe (Chrono Boost)  
  93  8:22  Probe (Chrono Boost)  
  93  8:27  Probe (Chrono Boost)  
  93  8:28  Probe (Chrono Boost)  
  92  8:39  Carrier  
  92  8:41  Probe  
  93  8:46  Pylon  
  93  8:58  Stargate  
  93  9:01  Stargate  
  93  9:02  Stargate  
  93  9:04  Probe x2, Carrier  
  93  9:08  Pylon  
  93  9:09  Pylon  
  101  9:25  Probe  
  101  9:31  Observer  
  98  9:38  Probe  
  98  9:39  Probe x2  
  98  9:45  Protoss Air Weapons Level 1 (Chrono Boost)  
  107  9:46  Carrier x2 (Chrono Boost)  
  107  9:50  Probe  
  107  9:51  Probe x2  
  116  9:56  Nexus  
  116  9:57  Pylon  
  116  10:06  Pylon  
  115  10:07  Pylon  
  115  10:10  Probe x2  
  115  10:13  Carrier (Chrono Boost)  
  117  10:15  Probe, Pylon  
  117  10:17  Pylon  
  124  10:22  Probe  
  124  10:24  Probe  
  124  10:28  Probe  
  127  10:31  Carrier x2 (Chrono Boost)  
  127  10:32  Assimilator  
  127  10:34  Forge  
  127  10:35  Probe  
  140  10:36  Probe  
  140  10:38  Assimilator  
  140  10:40  Probe  
  140  10:41  Shield Battery  
  148  10:50  Carrier (Chrono Boost)  
  148  10:57  Carrier (Chrono Boost)  
  154  11:12  Pylon  
  154  11:13  Pylon  
  154  11:14  Photon Cannon, Pylon  
  154  11:21  Photon Cannon x2  
  154  11:23  Photon Cannon, Carrier (Chrono Boost)  
  160  11:50  Carrier x2 (Chrono Boost)  
  160  11:52  Probe x2  
  174  12:03  Carrier (Chrono Boost)  
  180  12:12  Carrier (Chrono Boost)  
  186  12:18  Carrier (Chrono Boost)  
  192  12:27  Pylon  
  192  12:45  Pylon  
  192  12:46  Pylon  
  192  12:47  Pylon  
Show
View Real Time Build Order
Export as new Build Order

MȃrieJǿhȃƞƞȃ Protoss - Winner!

Build Orders: Dark Templar Rush 

Get SALT Encoding   

  12  0:07  Probe  
  13  0:20  Pylon  
  13  0:21  Probe (Chrono Boost)  
  14  0:33  Probe (Chrono Boost)  
  15  0:39  Probe (Chrono Boost)  
  16  0:44  Gateway  
  16  0:49  Assimilator  
  16  0:50  Probe  
  17  1:03  Probe  
  18  1:10  Pylon  
  18  1:18  Gateway  
  18  1:22  Probe (Chrono Boost)  
  18  1:23  Assimilator  
  20  1:34  Probe (Chrono Boost)  
  20  1:38  Cybernetics Core  
  20  1:39  Probe (Chrono Boost)  
  21  2:00  Pylon  
  21  2:09  Warp Gate (Chrono Boost)  
  21  2:12  Probe  
  22  2:26  Nexus  
  22  2:41  Twilight Council  
  22  2:48  Probe  
  22  2:49  Pylon  
  23  2:56  Stalker  
  25  3:02  Probe  
  26  3:09  Stalker  
  28  3:20  Probe, Shield Battery  
  29  3:29  Dark Shrine  
  29  3:34  Probe  
  30  3:46  Probe  
  30  3:47  Probe  
  32  3:58  Probe (Chrono Boost)  
  32  4:01  Gateway  
  34  4:07  Probe (Chrono Boost)  
  34  4:09  Probe (Chrono Boost)  
  35  4:16  Probe  
  35  4:17  Gateway  
  36  4:30  Pylon  
  34  4:42  Pylon, Dark Templar x2  
  34  4:44  Probe  
  34  4:45  Probe (Chrono Boost)  
  38  4:50  Blink (Chrono Boost), Assimilator  
  38  4:54  Gateway, Assimilator  
  40  5:01  Probe (Chrono Boost)  
  40  5:03  Probe (Chrono Boost)  
  40  5:07  Probe (Chrono Boost)  
  40  5:10  Probe (Chrono Boost)  
  42  5:15  Probe  
  43  5:22  Probe  
  43  5:27  Probe  
  45  5:34  Probe, Dark Templar x2  
  45  5:35  Dark Templar x2  
  50  5:39  Probe  
  51  5:46  Probe  
  52  5:52  Probe  
  53  5:58  Probe  
  53  5:59  Dark Templar  
  53  6:01  Nexus  
  53  6:04  Probe  
  57  6:07  Pylon  
  57  6:11  Gateway  
  57  6:12  Pylon  
  57  6:16  Stalker  
  59  6:22  Stalker  
  61  6:31  Robotics Facility  
  61  6:37  Forge  
  61  6:42  Stalker x2  
  65  6:52  Stalker  
  65  6:53  Stalker  
  69  7:00  Stalker  
  68  7:38  Probe (Chrono Boost)  
  68  7:39  Gateway  
  68  7:40  Gateway  
  69  7:47  Probe (Chrono Boost)  
  69  7:50  Probe x2 (Chrono Boost)  
  72  7:53  Probe (Chrono Boost)  
  73  8:03  Probe (Chrono Boost)  
  76  8:06  Stalker x2  
  76  8:08  Probe (Chrono Boost)  
  76  8:10  Probe (Chrono Boost)  
  76  8:11  Archon x2  
  76  8:12  Observer (Chrono Boost)  
  81  8:16  Stalker x2  
  85  8:25  Probe x2 (Chrono Boost), Observer (Chrono Boost)  
  89  8:27  Probe (Chrono Boost)  
  90  8:36  Probe x3 (Chrono Boost)  
  90  8:40  Probe (Chrono Boost)  
  90  8:41  Stalker x4  
  96  8:45  Observer  
  102  8:54  Stalker x3  
  106  9:04  Dark Templar  
  108  9:11  Assimilator  
  108  9:13  Pylon  
  108  9:15  Assimilator  
  108  9:16  Pylon  
  108  9:21  Observer  
  109  9:25  Observer  
  109  9:31  Probe  
  110  9:32  Nexus  
  110  9:36  Pylon  
  110  9:37  Stalker  
  110  9:38  Pylon, Stalker x3  
  112  10:07  Dark Templar x4  
  112  10:09  Stalker  
  112  10:10  Stalker  
  112  10:13  Archon x2  
  124  10:14  Probe  
  124  10:16  Probe x2, Protoss Ground Weapons Level 1 (Chrono Boost)  
  127  10:26  Probe  
  129  10:28  Probe x2  
  129  10:30  Shield Battery  
  129  10:33  Pylon  
  130  10:35  Pylon  
  130  10:39  Probe (Chrono Boost)  
  130  10:41  Probe (Chrono Boost)  
  130  10:42  Probe (Chrono Boost)  
  133  10:44  Forge  
  133  10:45  Probe (Chrono Boost)  
  133  10:48  Assimilator  
  133  10:49  Assimilator  
  134  10:57  Probe (Chrono Boost)  
  137  10:58  Probe x2 (Chrono Boost)  
  137  11:01  Templar Archives  
  137  11:07  Robotics Bay  
  137  11:12  Robotics Facility  
  137  11:14  Probe x2, Robotics Facility  
  137  11:18  Protoss Ground Armor Level 1 (Chrono Boost)  
  139  11:20  Psionic Storm  
  139  11:21  Probe  
  139  11:25  Nexus  
  140  11:32  Dark Templar x4  
  146  11:37  Archon x2  
  148  11:45  Probe x2  
  150  11:56  Disruptor (Chrono Boost)  
  156  12:04  Probe  
  156  12:08  Disruptor (Chrono Boost)  
  157  12:11  Pylon  
  157  12:13  Probe, Pylon x2  
  157  12:15  Shield Battery  
  158  12:16  Assimilator  
  158  12:17  Pylon, Shield Battery  
  158  12:21  Assimilator  
  158  12:25  High Templar x2  
  158  12:27  Disruptor (Chrono Boost)  
  165  12:33  High Templar, Disruptor (Chrono Boost)  
  170  12:38  Pylon  
  170  12:40  Pylon  
  170  12:43  Pylon  
  170  12:53  Pylon  
  170  12:56  Pylon  
  170  13:07  Gateway x2  
  170  13:10  Gateway  
  170  13:12  Gateway  
Tags
 
Add a new tag
Caveats
  • Supply blocks, unpowered buildings, or Contaminate may cause inaccurate times.
  • Supply counts are checked every 10 seconds.